 Dungeon Crawl Stone Soup version 0.27.1-34-g3ba077fa99 (webtiles) character file.

Game seed: 6711352548046867338

97 Arum the Conjurer (level 4, -3/33 HPs)
             Began as a Draconian Conjurer on Jan 13, 2022.
             Was an Initiate of Gozag.
             Shot with an arrow by a centaur (12 damage)
             ... on level 4 of the Dungeon.
             The game lasted 00:02:47 (3586 turns).

Arum the Conjurer (Draconian Conjurer)              Turns: 3586, Time: 00:02:48

Health: -3/33      AC:  5    Str:  9    XL:     4   Next: 42%
Magic:  6/9        EV: 12    Int: 20    God:    Gozag
Gold:   215        SH:  0    Dex:  9    Spells: 8/9 levels left

rFire    . . .     SeeInvis .   (no weapon)
rCold    . . .     Faith    .   (no shield)
rNeg     . . .     Spirit   .   (armour unavailable)
rPois    .         Reflect  .   (helmet restricted)
rElec    .         Harm     .   (no cloak)
rCorr    .         Rampage  .   (no gloves)
Will     .....                  (no boots)
Stlth    ++........             (no amulet)
HPRegen  0.11/turn              (no ring)
MPRegen  0.11/turn              (no ring)

@: no status effects
A: AC +5, unfitting armour, cold-blooded
a: Renounce Religion, Potion Petition, Call Merchant, Bribe Branch


You were on level 4 of the Dungeon.
You worshipped Gozag.
Gozag was aware of your devotion.
You visited 1 branch of the dungeon, and saw 4 of its levels.

You collected 264 gold pieces.
You paid 49 gold pieces to Gozag.

Inventory:

Missiles
 i - a throwing net
Wands
 j - a wand of flame (16)
Scrolls
 a - 3 scrolls of identify {unknown}
 b - a scroll of vulnerability {unknown}
 c - a scroll of enchant armour {unknown}
 d - 3 scrolls of teleportation {unknown}
 g - a scroll of noise {unknown}
 h - a scroll of fog {unknown}
Potions
 e - a potion of flight {unknown}
 f - 2 potions of lignification {unknown}


   Skills:
 - Level 1.7 Dodging
 - Level 1.7 Stealth
 + Level 3.3 Spellcasting
 + Level 5.0 Conjurations
 + Level 0.0 Evocations


You had 8 spell levels left.
You knew the following spells:

 Your Spells              Type           Power      Damage    Failure   Level
a - Magic Dart            Conj           92%        1d7       1%          1

Your spell library contained the following spells:

 Spells                   Type           Power      Damage    Failure   Level
 Searing Ray              Conj           46%        3d4       2%          2
 Dazzling Flash           Conj/Hex       26%        N/A       14%         3
 Fulminant Prism          Conj/Hex       6%         3d7       43%         4
 Iskenderun's Mystic Bla  Conj/Tloc      13%        2d5       43%         4


Dungeon Overview and Level Annotations

Branches:
Dungeon (4/15)
 Temple: D:4-7

Altars:
Dithmenos
Gozag
Qazlal
The Shining One


Innate Abilities, Weirdness & Mutations

Your plain brown scales are hard. (AC +5)
You cannot fit into any form of body armour.
You are cold-blooded and may be slowed by cold attacks.


Message History

You can't see any susceptible monsters within range! (Use Z to cast anyway.)
You now have 215 gold pieces (gained 7).
Found a stone staircase leading down.
Done exploring.
Done exploring.
(D) Dungeon
Where to? (Enter - D:3, ? - help)
You see here 6 stones.
There is a stone staircase leading down here.
You climb downwards.
There is a stone staircase leading up here.
You aren't carrying any pieces of jewellery.
There is a stone staircase leading up here.
Found 23 arrows.
Found 9 gold pieces.
A centaur comes into view.
The centaur shouts!
The centaur wields a +0 shortbow.
The centaur shoots an arrow.
The arrow closely misses you.
The magic dart hits the centaur.
The centaur is lightly wounded.
The centaur shoots an arrow.
The arrow hits you!
The centaur shoots an arrow.
The arrow hits you.
The magic dart hits the centaur.
The centaur is heavily wounded.
The magic dart hits the centaur.
The centaur is severely wounded.
The centaur shoots an arrow.
The arrow completely misses you.
The centaur shoots an arrow.
The arrow hits you!
* * * LOW HITPOINT WARNING * * *
Unknown command.
You are too injured to fight recklessly!
Aiming: Throw Flame
Press: ? - help, Shift-Dir - straight line, f/p - centaur
Aim: a centaur, wielding a +0 shortbow and quivering arrows (severely wounded, 81% to hit)
The puff of flame hits the centaur.
The centaur is almost dead.
The centaur shoots an arrow.
The arrow hits you!
You die...
Your body crumbles into a pile of gold.

....#....#####.#
#.............<.#
#...........#.###
#...........#...#
#...........#.#.#
#.........(.#.#.#
#...........###.#
.c.#...............#
.....$.@......######
.......########
....... .......
#######


You could see a centaur.

Vanquished Creatures
  2 adders
  2 worms
  2 dart slugs
  5 bats
  7 endoplasms
  6 giant cockroaches
  6 goblins
  4 hobgoblins
  3 jackals (D:1)
  3 quokkas
  8 ball pythons
  7 frilled lizards
  3 kobolds
  4 rats
62 creatures vanquished.

Notes
Turn   | Place    | Note
-------+----------+-------------------------------------------
     0 | D:1      | Arum the Draconian Conjurer began the quest for the Orb.
     0 | D:1      | Reached XP level 1. HP: 14/14 MP: 3/3
   256 | D:1      | Reached XP level 2. HP: 11/20 MP: 0/5
   938 | D:1      | Reached XP level 3. HP: 26/26 MP: 1/7
  2380 | D:2      | Found a faded altar of an unknown god.
  2619 | D:3      | Reached XP level 4. HP: 33/33 MP: 3/8
  2680 | D:3      | Found a glowing golden altar of the Shining One.
  2681 | D:3      | Found an opulent altar of Gozag.
  2682 | D:3      | Found a stormy altar of Qazlal.
  2682 | D:3      | Found a shadowy altar of Dithmenos.
  2727 | D:3      | Became a worshipper of Gozag Ym Sagoz the Greedy
  2885 | D:3      | Reached skill level 5 in Conjurations
  3582 | D:4      | Noticed a centaur
  3586 | D:4      | Shot with an arrow by a centaur

Illustrated notes

Levels and vault maps discovered:
D:1:      minmay_arrival_shoal_huts, layout_basic,
          wander_ebering_terrifying_dragon_lair
D:2:      layout_basic, ebering_ecumenical_altar_box, grunt_decor_one_mirror
D:3:      layout_loops_ring, chequers_temple_overflow_statue_of_worship,
          serial_glass, glass_columns_b, glass_columns_a, glass_columns_b
D:4:      layout_basic, uniq_ijyb

Skill      XL: |  1  2  3  4 |
---------------+-------------+-----
Spellcasting   | 3 |  3.3
Conjurations   | 5 |  5.0
Dodging        | |  1.7
Stealth        | |  1.7

Action                   |  1- 3 |  4- 6 || total
-------------------------+-------+-------++-------
Melee: Unarmed           |    46 |       ||    46
       Tailslap          |     2 |       ||     2
 Cast: Magic Dart        |    92 |    38 ||   130
Evoke: Wand              |       |     1 ||     1
Armor: Skin              |    16 |     1 ||    17
Dodge: Dodged            |    31 |     2 ||    33
